AoeStats
← Dead"Facil te carreo"Rabbit

Nomad

509223311Analyzed
2v2 RM · 7d ago on Sep 26, 2026· 43m 55s· 4 players
Game mode
Random Map
Map size
176×176
Population
200
Speed
Normal
Resources
Standard
Victory
Conquest
Starting age
Dark Age
Ending age
Imperial Age
RankedLock teamsTeams togetherTeam positionsShared explorationLock speedFull tech treeHidden civsTurbo modeCheats
Victory
Defeat
🇧🇪 Malians · Belgium
1005
+14
🇮🇹 Magyars · Italy
993
+15
1005
-16
🇦🇷 Persians · Argentina
919
-13
Dead"Facil te carreo"Rabbit
5:47 Loom
17:12 Feudal Age
19:00 Fletching
36:34 Castle Age
LUCA-14
14:05 Feudal Age
12:24 Loom
15:02 Town Watch
18:02 Forging
18:15 Scale Mail Armor
20:06 Bloodlines
20:29 Scale Barding Armor
26:19 Castle Age
25:47 Wheelbarrow
25:17 Stone Mining
25:15 Horse Collar
28:58 Husbandry
33:44 Pikeman
35:37 Iron Casting
36:11 Chain Barding Armor
Zarathustra
4:20 Loom
15:11 Feudal Age
15:48 Double-Bit Axe
18:47 Fletching
18:50 Fishing Lines
23:06 Castle Age
23:53 Gillnets
25:23 Bodkin Arrow
31:14 Bow Saw
32:18 Medium Warships
33:23 Forging
34:38 Town Watch
36:49 Scale Mail Armor
37:34 Padded Archer Armor
38:58 Arson
39:14 Squires
39:31 Chain Mail Armor
40:10 Wheelbarrow
40:43 Stone Mining
40:45 Gold Mining
42:00 Atonement
42:14 Redemption
43:04 Leather Archer Armor
46:15 Imperial Age
Slash13
10:35 Loom
14:45 Feudal Age
15:43 Double-Bit Axe
19:34 Gold Mining
20:59 Fishing Lines
27:14 Castle Age
27:52 Wheelbarrow
28:15 Bow Saw
28:06 Fletching
31:24 Medium Warships
33:54 Imperial Age
32:32 Hand Cart
32:42 Pikeman
34:49 Corvinian Army
34:53 Gillnets
36:23 Bloodlines
36:13 Husbandry
38:59 Stone Mining
39:35 Sanctity
39:47 Conscription
39:22 Horse Collar
41:43 Illumination
41:35 Block Printing
41:31 Fervor
41:58 Town Watch
42:10 Elite Magyar Huszar
43:02 Scale Barding Armor
42:54 Bodkin Arrow
43:01 Scale Mail Armor
43:49 Gold Shaft Mining
Connection lost

Rejoining the realm…

Still unreachable

The connection could not be restored.

Session expired

The server has moved on; the page needs a fresh start.